 Dungeon Crawl Stone Soup version 0.20-a0-32-gb8e7c72 (webtiles) character file.

11730 Khazard the Slinger (level 12, 0/74 (75) HPs)
             Began as a Halfling Warper on Nov 8, 2016.
             Was the Champion of Cheibriados.
             Slain by a reaper
             ... wielding a +2 scythe of freezing
              (8 damage)
             ... in an ice cave.
             The game lasted 00:17:01 (9981 turns).

Khazard the Slinger (Halfling Warper)               Turns: 9981, Time: 00:17:02

HP:   0/74 (75)     AC: 14    Str: 31    XL:     12   Next: 11%
MP:   11/15         EV: 24    Int: 26    God:    Cheibriados [******]
Gold: 629           SH:  0    Dex: 30    Spells: 5 memorised, 2 levels left

rFire  x . .     SeeInvis .     a - +2 scimitar (flame)
rCold  + + .     Gourm    .     C - +1 leather armour {rC+}
rNeg   . . .     Faith    .     (shield restricted)
rPois  +         Spirit   .     K - +0 helmet
rElec  .         Reflect  .     v - +2 cloak {rPois}
rCorr  .         Harm     .     E - +0 pair of gloves
MR     .....                    m - +1 pair of boots
Stlth  +++.......               t - amulet of regeneration
                                N - ring of ice
                                D - +3 ring of protection

@: very slow
A: mutation resistance 1
a: Bend Time, Temporal Distortion, Slouch, Step From Time, Renounce Religion


You were in an ice cave.
You worshipped Cheibriados.
Cheibriados was exalted by your worship.
You were not hungry.

You visited 3 branches of the dungeon, and saw 12 of its levels.
You also visited: Ice Cave.

You collected 629 gold pieces.

Inventory:

Hand Weapons
 a - a +2 scimitar of flaming (weapon)
 b - a +0 hunting sling of freezing
 y - a +1 short sword of electrocution
Missiles
 e - 6 tomahawks (quivered)
 z - 130 stones
 F - 46 sling bullets
 H - a throwing net
Armour
 m - a +1 pair of boots (worn)
 v - a +2 cloak of poison resistance (worn)
 C - a +1 leather armour of cold resistance (worn)
 E - a +0 pair of gloves (worn)
 K - a +0 helmet (worn)
Magical Staves
 x - an uncursed staff of earth {unknown}
Jewellery
 t - an amulet of regeneration (around neck)
 D - a +3 ring of protection (left hand)
 N - a ring of ice (right hand)
Wands
 l - a wand of digging (5/24)
 J - a wand of lightning (0/15)
Scrolls
 d - 2 scrolls of blinking
 h - 5 scrolls of noise
 k - 3 scrolls of remove curse
 s - a scroll of identify
 u - 2 scrolls of enchant armour
 w - 4 scrolls of magic mapping
 L - a scroll of amnesia
 O - a scroll of fog
Potions
 j - a potion of degeneration {unknown}
 q - 2 potions of might {unknown}
 A - a potion of haste
 B - a potion of ambrosia {unknown}
 G - a potion of invisibility {unknown}
 I - 3 potions of lignification {unknown}
 M - a potion of heal wounds {unknown}
Books
 c - a book of Spatial Translocations

   Spells                             Type                      Level
   a - Blink                          Translocation                2
   b - Shroud of Golubria             Charms/Translocation         2
   c - Lesser Beckoning               Translocation                3
   d - Portal Projectile              Translocation                3
   e - Teleport Other                 Translocation                3
   f - Passage of Golubria            Translocation                4
 p - a book of Minor Magic

   Spells                             Type                      Level
   a - Magic Dart                     Conjuration                  1
   b - Blink                          Translocation                2
   c - Call Imp                       Summoning                    2
   d - Repel Missiles                 Charms/Air                   2
   e - Slow                           Hexes                        2
   f - Conjure Flame                  Conjuration/Fire             3
   g - Mephitic Cloud                 Conjuration/Poison/Air       3
Comestibles
 f - 4 bread rations
 g - 11 royal jellies
 n - 2 beef jerkies
 o - 2 meat rations
 r - 6 fruits


   Skills:
 + Level 4.5 Fighting
 * Level 11.2 Long Blades
 - Level 12.0 Slings
 - Level 1.0(5.4) Throwing
 + Level 2.9 Armour
 + Level 8.4 Dodging
 - Level 2.7 Stealth
 + Level 2.3 Spellcasting
 - Level 3.3 Charms
 - Level 5.2 Translocations
 + Level 5.2 Invocations


You had 2 spell levels left.
You knew the following spells:

 Your Spells              Type           Power        Failure   Level  Hunger
b - Blink                 Tloc           N/A          1%          2    ##.....
c - Shroud of Golubria    Chrm/Tloc      ####......   3%          2    ##.....
e - Mephitic Cloud        Conj/Pois/Air  #.......     34%         3    ###....
h - Passage of Golubria   Tloc           N/A          14%         4    ####...
k - Repel Missiles        Chrm/Air       ##....       12%         2    ##.....


Dungeon Overview and Level Annotations

Branches:
Dungeon (10/15)            Temple (1/1) D:4            Lair (1/6) D:8
    Orc: D:9-12

Altars:
Ashenzari
Cheibriados
Dithmenos
Elyvilon
Fedhas
Gozag
Hepliaklqana
Kikubaaqudgha
Makhleb
Nemelex Xobeh
Okawaru
Qazlal
Ru
Sif Muna
Trog
Uskayaw
Vehumet
Xom
Yredelemnul
Zin
The Shining One


Innate Abilities, Weirdness & Mutations

You are small and have problems with some larger weapons.
You are somewhat resistant to further mutation.


Message History

You closely miss the reaper.
The reaper is moderately wounded.
The ufetubus misses you. The ufetubus hits you. The reaper barely misses you.
You slice the reaper!! You burn the reaper.
The reaper is severely wounded.
The ufetubus completely misses you. The ufetubus closely misses you.
The ufetubus misses you. The ufetubus barely misses you.
You barely miss the reaper.
The reaper is severely wounded.
The reaper hits you with a scythe of freezing!!
* * * LOW HITPOINT WARNING * * *
The reaper freezes you.
* * * LOW HITPOINT WARNING * * *
The ufetubus hits you but does no damage.
The ufetubus misses you.
You hit the reaper but do no damage.
The reaper is severely wounded.
The ufetubus closely misses you. The ufetubus barely misses you.
The reaper hits you with a scythe of freezing!
You die...

## ##### ## ###
#...##?[?##...# ##..
#.[...52....).#
##..∩ ###@### #....
###.....# #...∩
###......## ##...
####.....#......
##..
###..#.....#....##
##..
##.....###§§#..###
#...
##..§§§§.§§§§#§.§
#...
#...§§§.##§§§.§§##
##..
##..§§...##§§§§§§###
##.


You could see a reaper and an ufetubus.

Vanquished Creatures
  Fannar (D:10)
  Erica (D:10)
  A hill giant (D:10)
  Joseph (D:7)
  2 ice statues (IceCv)
  A komodo dragon (Lair:1)
  8 ice devils (IceCv)
  2 two-headed ogres
  A hippogriff (D:7)
  A hungry ghost (D:8)
  3 wargs (D:8)
  2 soldier ants (D:8)
  2 water moccasins
  4 ice beasts
  6 orc warriors
  2 sky beasts
  A phantom (D:5)
  A necrophage (D:7)
  6 ogres
  2 centaurs
  A crocodile (D:7)
  4 big kobolds
  6 bullfrogs
  A gnoll sergeant (D:6)
  A wyvern zombie (D:7)
  2 scorpions
  6 killer bees (D:10)
  6 jellies
  7 wights (D:9)
  A howler monkey (D:4)
  A bullfrog zombie (D:6)
  4 crimson imps
  A centaur skeleton (D:6)
  13 orc wizards
  10 orc priests
  5 hounds
  A bullfrog skeleton (D:9)
  6 worker ants
  An iguana (D:8)
  A killer bee zombie (D:9)
  4 hound skeletons
  A hound zombie (D:9)
  A worker ant zombie (D:9)
  7 gnolls
  16 adders
  2 howler monkey skeletons
  2 shadow imps
  7 white imps (IceCv)
  6 ufetubi (IceCv)
  3 worms
  2 dart slugs (D:1)
  9 leopard geckos
  53 orcs
  6 giant cockroaches
  7 goblins
  13 hobgoblins
  10 jackals
  3 quokkas
  A ball python (D:5)
  11 bats
  5 frilled lizards
  A giant cockroach zombie (D:6)
  24 kobolds
  3 quokka skeletons
  3 rats
326 creatures vanquished.

Vanquished Creatures (others)
  2 white imps (IceCv)
  4 ufetubi (IceCv)
6 creatures vanquished.

Grand Total: 332 creatures vanquished

Notes
Turn   | Place    | Note
-------+----------+-------------------------------------------
     0 | D:1      | Khazard the Halfling Warper began the quest for the Orb.
     0 | D:1      | Reached XP level 1. HP: 14/14 MP: 3/3
    51 | D:1      | Reached XP level 2. HP: 15/19 MP: 4/4
   257 | D:1      | Reached XP level 3. HP: 15/24 MP: 5/5
  1072 | D:2      | Reached XP level 4. HP: 22/29 MP: 6/6
  1171 | D:2      | Learned a level 2 spell: Repel Missiles
  2062 | D:3      | Found a blossoming altar of Fedhas.
  2148 | D:3      | Learned a level 2 spell: Blink
  2151 | D:3      | Learned a level 2 spell: Shroud of Golubria
  2229 | D:3      | Reached XP level 5. HP: 32/34 MP: 7/7
  3105 | D:4      | Found a staircase to the Ecumenical Temple.
  3157 | Temple   | Entered the Ecumenical Temple
  3304 | Temple   | Became a worshipper of Cheibriados the Contemplative
  3498 | D:4      | Reached skill level 5 in Long Blades
  3498 | D:4      | Reached XP level 6. HP: 39/39 MP: 8/8
  3580 | D:4      | Noticed an ogre
  3598 | D:4      | Killed an ogre
  3741 | D:4      | Noticed an ogre
  3749 | D:4      | Killed an ogre
  3749 | D:4      | Reached XP level 7. HP: 17/44 MP: 9/9
  3990 | D:4      | Reached skill level 5 in Dodging
  4082 | D:5      | Entered Level 5 of the Dungeon
  4103 | D:5      | Reached * piety under Cheibriados
  4181 | D:5      | Reached skill level 1 in Invocations
  4181 | D:5      | Reached XP level 8. HP: 17/50 MP: 10/10
  4335 | D:5      | Found a white marble altar of Elyvilon.
  4775 | D:5      | Found a radiant altar of Vehumet.
  4787 | D:5      | Found a shattered altar of Ashenzari.
  5072 | D:6      | Reached ** piety under Cheibriados
  5072 | D:6      | Reached skill level 1 in Charms
  5542 | D:6      | Reached XP level 9. HP: 55/55 MP: 11/11
  5798 | D:6      | Reached *** piety under Cheibriados
  5972 | D:7      | Reached skill level 1 in Stealth
  6336 | D:7      | Noticed a hippogriff
  6361 | D:7      | Killed a hippogriff
  6475 | D:7      | Reached skill level 5 in Translocations
  6517 | D:7      | Learned a level 4 spell: Passage of Golubria
  6530 | D:7      | Noticed Joseph
  6556 | D:7      | Killed Joseph
  6581 | D:7      | Reached **** piety under Cheibriados
  6673 | D:7      | Reached skill level 2 in Slings
  6788 | D:7      | Found a deep blue altar of Sif Muna.
  6843 | D:7      | Reached skill level 3 in Slings
  6843 | D:7      | Reached XP level 10. HP: 62/62 MP: 13/13
  6913 | D:8      | Found a white marble altar of Elyvilon.
  6938 | D:8      | Reached skill level 4 in Slings
  7087 | D:8      | Reached skill level 5 in Slings
  7204 | D:8      | Reached skill level 6 in Slings
  7237 | D:8      | Reached skill level 7 in Slings
  7451 | D:8      | Reached skill level 8 in Slings
  7542 | D:8      | Reached skill level 9 in Slings
  7651 | D:8      | Reached ***** piety under Cheibriados
  7651 | D:8      | Reached skill level 10 in Slings
  7903 | D:8      | Found a staircase to the Lair.
  7945 | D:8      | Reached skill level 11 in Slings
  8137 | D:9      | Found a sacrificial altar of Ru.
  8320 | D:9      | Gained mutation: You are weak. (Str -2) [mutagenic meat]
  8321 | D:9      | Lost mutation: You are weak. (Str -2) [potion of cure mutation]
  8420 | D:9      | Reached skill level 12 in Slings
  8493 | D:9      | Reached XP level 11. HP: 65/66 MP: 14/14
  8650 | D:10     | Entered Level 10 of the Dungeon
  8667 | D:10     | Noticed a hill giant
  8703 | D:10     | Killed a hill giant
  9012 | D:10     | Reached skill level 10 in Long Blades
  9060 | D:10     | Reached ****** piety under Cheibriados
  9234 | D:10     | Noticed Fannar
  9261 | D:10     | Killed Fannar
  9282 | D:10     | Noticed Erica
  9311 | D:10     | Learned a level 3 spell: Mephitic Cloud
  9486 | D:10     | Killed Erica
  9704 | Lair:1   | Entered Level 1 of the Lair of Beasts
  9786 | Lair:1   | Found a frozen archway.
  9795 | IceCv    | Entered an ice cave
  9931 | IceCv    | Reached skill level 5 in Invocations
  9947 | IceCv    | Reached XP level 12. HP: 43/74 MP: 4/15
  9973 | IceCv    | Noticed a reaper
  9981 | IceCv    | Slain by a reaper

Vault maps used:
D:1:      scummos_arrival_star
D:3:      kennysheep_six_static_rooms, nicolae_overflow_crystal_walls,
          first_bread
D:5:      grunt_temple_overflow_open
D:7:      lemuel_blue_sif_altar, uniq_joseph
D:8:      erik_lair_orcish_takeover, hangedman_pestilent_swarm,
          elyvilon_altar_5, uniq_maurice
D:9:      lemuel_crystal_altar
D:10:     uniq_erica, uniq_fannar
Temple:   regret_index_temple_generic_petals
Lair:1:   portal_ice_cave_entry_pillars_1, enter_volcano_2, serial_forest,
          infiniplex_forest_clump_double, infiniplex_forest_straight_3,
          infiniplex_forest_end_1, infiniplex_forest_zigzag_1,
          infiniplex_forest_end_2
IceCv:    ice_cave_small_demon

Skill      XL: |  1  2  3  4  5  6  7  8  9 10 11 |
---------------+----------------------------------+-----
Long Blades    | 3 4 5 6 7 8 9 11 | 11.2
Dodging        | 3 4 5 6 8 |  8.4
Fighting       | 2 3 4 |  4.5
Invocations    | 1 2 4 5 |  5.2
Charms         | 1 3 |  3.3
Translocations | 4 5 |  5.2
Stealth        | 2 |  2.7
Slings         | 3 12 | 12.0
Armour         | 2 |  2.9
Spellcasting   | 2 |  2.3
Throwing       | |  1.0

Action                   |  1- 3 |  4- 6 |  7- 9 | 10-12 || total
-------------------------+-------+-------+-------+-------++-------
Melee: Falchion          |   106 |   201 |   523 |    71 ||   901
       Long sword        |       |       |       |   127 ||   127
       Scimitar          |       |       |       |   223 ||   223
       Short sword       |       |       |       |    33 ||    33
 Fire: Hunting sling     |       |       |    12 |   154 ||   166
Throw: Tomahawk          |       |     6 |     2 |       ||     8
       Stone             |       |       |     1 |       ||     1
 Cast: Repel Missiles    |       |     1 |     2 |     2 ||     5
       Blink             |       |     2 |     8 |    28 ||    38
       Shroud of Golubri |       |       |     1 |     1 ||     2
       Mephitic Cloud    |       |       |       |     2 ||     2
Invok: Bend Time         |       |       |     1 |     1 ||     2
       Slouch            |       |       |       |     2 ||     2
Evoke: Wand              |       |       |     1 |     2 ||     3
  Use: Scroll            |       |     4 |     5 |     8 ||    17
       Potion            |       |       |     5 |     2 ||     7
 Stab: Sleeping          |       |       |     1 |     2 ||     3
       Distracted        |       |       |       |     1 ||     1
  Eat: Chunk             |     1 |     2 |     1 |     7 ||    11
       Bread ration      |       |     2 |     2 |     3 ||     7
Armor: Leather armour    |     6 |       |    72 |   115 ||   193
       Ring mail         |    28 |    64 |    48 |       ||   140
Dodge: Dodged            |    90 |   155 |   423 |   569 ||  1237
       Deflected         |       |       |     4 |     8 ||    12
       Rpst.: Falchion   |    22 |    62 |   120 |    25 ||   229
       Long sword        |       |       |       |    57 ||    57
       Scimitar          |       |       |       |    75 ||    75
